 Dungeon Crawl Stone Soup version 0.31-a0-151-ge443d1f16c (webtiles) character file.

Game seed: 6419341045278966194

163 qw the Shooter (level 5, -4/32 HPs)
             Began as a Gargoyle Hunter on June 8, 2023.
             Slain by Terence
             ... wielding a +3 trident of freezing
              (7 damage)
             ... on level 3 of the Dungeon.
             The game lasted 00:00:38 (1693 turns).

qw the Shooter (Gargoyle Hunter)                    Turns: 1693, Time: 00:00:39

Health: -4/32      AC:  8    Str: 15    XL:     5   Next: 44%
Magic:  5/5        EV: 11    Int:  9    God:
Gold:   70         SH:  0    Dex: 15    Spells: 4/4 levels left

rFire   . . .        Y - +0 shortbow
rCold   . . .        (shield currently unavailable)
rNeg    + . .        c - +0 leather armour
rPois   inf          g - +0 helmet
rElec   +            (no cloak)
rCorr   .            (no gloves)
SInv    .            (no boots)
Will    .....        (no amulet)
Stlth   ++           (no ring)
HPRegen 0.25/turn    (no ring)
MPRegen 0.09/turn

%: no passive effects
@: no status effects
A: sickness immunity, AC +4, negative energy resistance 1, electricity
resistance, torment resistance 1, petrification resistance
a: no special abilities


You were on level 3 of the Dungeon.
You visited 1 branch of the dungeon, and saw 3 of its levels.

You collected 70 gold pieces.


Innate Abilities, Weirdness & Mutations

You are immune to sickness and miasma.
Your stone body is resilient. (AC +4)
You are immune to poison.
You resist negative energy. (rN+)
You are resistant to electric shocks. (rElec)
You are resistant to unholy torment.
You are immune to petrification.


   Skills:
 - Level 3.1 Fighting
 - Level 6.1 Ranged Weapons
 + Level 0.8 Armour
 - Level 1.5 Dodging
 - Level 1.1 Stealth


You had 4 spell levels left.
You didn't know any spells.
Your spell library was empty.

Inventory:

Hand Weapons
 Y - a +0 shortbow (weapon)
Armour
 c - a +0 leather armour (worn)
 g - a +0 helmet (worn)
Scrolls
 a - a scroll of identify
Potions
 b - a potion of mutation
 e - a potion of lignification {unknown}
 f - a potion of resistance {unknown}
 h - a potion of attraction {unknown}
 i - a potion of curing {unknown}

Dungeon Overview and Level Annotations

Branches:
Dungeon (3/15)

Altars:

Shops:
D:2 (!(=(

Annotations:
D:3 Terence


Message History

Terence barely misses you.
You shoot an arrow. The arrow hits Terence!
Terence is heavily wounded.
Terence barely misses you.
You shoot an arrow.
The arrow hits Terence but does no damage.
Terence is heavily wounded.
Terence hits you from afar with a +3 trident of freezing!
Terence freezes you.
Terence hits you from afar with a +3 trident of freezing.
Terence freezes you.
Enter note:
Enter note:
1685 ||| DRINKING potion of heal wounds.
You feel much better. Terence misses you.
Enter note:
Enter note: You shoot an arrow.
The arrow hits Terence but does no damage.
Terence is heavily wounded.
Terence closely misses you.
You shoot an arrow.
The arrow hits Terence but does no damage.
Terence is heavily wounded.
Terence hits you from afar with a +3 trident of freezing!
Terence freezes you.
Enter note:
Enter note:
1692 ||| READING 2 scrolls of identify.
As you read the scroll of identify, it crumbles to dust.
b - a potion of mutation;
1692 ||| IDENTIFYING amethyst potion Terence hits you from afar with a +3 trident of freezing.
Terence freezes you.
Enter note:
Enter note:
Enter note: Terence screams, "I want your blood!"
Terence hits you with a +3 trident of freezing!
You die...

........#.##.####.......######
#.......#.##.#.....)..........
.....##...##.#.#######.####.##
####.####....#.#.......# #.#
#.).......#.#.####### #.#
####.#.../..# #### #.#
###...######..... #.#
#.......#........ #.#
#.......#@######## #.#
#.......@........# #.#
......###########.# #.# ......
##########.#### #.# ....
#..........##.###.# ###
#.###########.....#
#.....#.....#.#####
#####.##.##.#.# #.#.......#


You could see Terence.

Vanquished Creatures
  A scorpion (D:3)
  Jessica (D:3)
  3 adders
  2 dart slugs
  An orc (D:3)
  9 bats
  3 endoplasms
  2 giant cockroaches (D:1)
  4 goblins
  4 hobgoblins
  6 kobolds
  A quokka (D:3)
  4 ball pythons
  8 frilled lizards
  3 rats (D:1)
52 creatures vanquished.

Notes
Turn   | Place    | Note
-------+----------+-------------------------------------------
     0 | D:1      | qw the Gargoyle Hunter began the quest for the Orb.
     0 | D:1      | Reached XP level 1. HP: 12/12 MP: 1/1
     0 | D:1      | 0 ||| qw: Version: 0.2-a-120-gdf1a93b
     0 | D:1      | 0 ||| qw: Game counter: 3064
     0 | D:1      | 0 ||| qw: Always use a shield: true
     0 | D:1      | 0 ||| qw: God list: Okawaru
     0 | D:1      | 0 ||| qw: Allow faded altars: false
     0 | D:1      | 0 ||| qw: Do Orc after D:15 true
     0 | D:1      | 0 ||| qw: Do second Lair branch before Depths: true
     0 | D:1      | 0 ||| qw: Lair rune preference: random
     0 | D:1      | 0 ||| qw: Plans: Normal
     0 | D:1      | 0 ||| PLANNING D:1-11
   139 | D:1      | Reached XP level 2. HP: 17/17 MP: 2/2
   343 | D:1      | Reached XP level 3. HP: 21/21 MP: 3/3
   520 | D:1      | You fall into a shaft and drop 1 floor!
   520 | D:2      | Found Woethuink's Distillery.
   528 | D:2      | 528 ||| SHOPLISTING potion of curing (33 gold, have 25).
   528 | D:2      | 528 ||| SHOPLISTING potion of haste (110 gold, have 25).
   528 | D:2      | 528 ||| SHOPLISTING potion of heal wounds (55 gold, have
                  | 25).
   534 | D:2      | Reached skill level 5 in Ranged Weapons
   600 | D:2      | 600 ||| Stepping ~*~*~tactically~*~*~ (outnumbered).
   705 | D:2      | Found Qugham Mahi's Weapon Emporium.
   714 | D:2      | 714 ||| SHOPLISTING +0 sling of flaming (56 gold, have 36).
   718 | D:2      | 718 ||| UPGRADING to +0 helmet.
   723 | D:2      | 723 ||| READING scroll labelled YLISSUPPYC.
   724 | D:2      | 724 ||| DRINKING 2 sapphire potions.
   725 | D:2      | 725 ||| DROPPING scroll of butterflies.
   999 | D:1      | Found a faded altar of an unknown god.
  1003 | D:1      | 1003 ||| READING scroll labelled CEJUOFIMIQE.
  1090 | D:2      | Found Fuef's Antique Weapon Emporium.
  1097 | D:2      | 1097 ||| SHOPLISTING runed orcbow (136 gold, have 53).
  1125 | D:2      | Found Heev's Jewellery Emporium.
  1129 | D:2      | 1129 ||| SHOPLISTING +4 ring of protection (360 gold, have
                  | 53).
  1129 | D:2      | 1129 ||| SHOPLISTING amulet of reflection (300 gold, have
                  | 53).
  1129 | D:2      | 1129 ||| SHOPLISTING amulet of regeneration (300 gold, have
                  | 53).
  1129 | D:2      | 1129 ||| SHOPLISTING ring of positive energy (200 gold,
                  | have 53).
  1129 | D:2      | 1129 ||| SHOPLISTING ring of see invisible (150 gold, have
                  | 53).
  1248 | D:2      | Found Ranliysy's Antique Weapon Shoppe.
  1286 | D:2      | Reached skill level 3 in Fighting
  1489 | D:3      | Reached XP level 4. HP: 28/28 MP: 4/4
  1545 | D:3      | Noticed a scorpion
  1551 | D:3      | Killed a scorpion
  1552 | D:3      | Reached XP level 5. HP: 29/32 MP: 5/5
  1573 | D:3      | Noticed Jessica
  1577 | D:3      | Killed Jessica
  1578 | D:3      | Reached skill level 6 in Ranged Weapons
  1675 | D:3      | Noticed Terence
  1684 | D:3      | HP: 7/32 [Terence/+3 trident of freezing (4)]
  1685 | D:3      | 1685 ||| DRINKING potion of heal wounds.
  1692 | D:3      | 1692 ||| READING 2 scrolls of identify.
  1692 | D:3      | 1692 ||| IDENTIFYING amethyst potion
  1692 | D:3      | HP: 6/32 [Terence/+3 trident of freezing (5)]
  1693 | D:3      | Slain by Terence

Levels and vault maps discovered:
D:1:      kennysheep_arrival_forest, layout_loops_ring,
          shapermc_ecumenical_altar_hornbeckon, chequers_decorated_corner
D:2:      layout_loops_ring, serial_shops, nicolae_shop_pleasant_corner_grove,
          shop, nicolae_shop_pleasant_corner_grove, shop, shop,
          serial_park_tiny_1
D:3:      layout_basic, amcnicky_mini_pool_small, uniq_terence, uniq_jessica

Skill      XL: |  1  2  3  4  5 |
---------------+----------------+-----
Ranged Weapons | 5 6 |  6.1
Fighting       | 3 |  3.1
Armour         | |  0.8
Dodging        | |  1.5
Stealth        | |  1.1

Action                     |  1- 3 |  4- 6 || total
---------------------------+-------+-------++-------
   Fire: Shortbow          |   107 |    50 ||   157
    Use: Scroll            |     2 |     1 ||     3
         Potion            |     1 |     1 ||     2
 Armour: Leather armour    |    22 |    12 ||    34
  Dodge: Dodged            |    34 |    15 ||    49

Table legend:
 A = Non-vault XP
 B = Vault XP
 C = Vault XP percentage of total XP
 D = Non-vault monster count
 E = Vault monster count
 F = Vault count percentage of total count
                 A         B        C        D         E       F
            +---------+---------+-------+---------+---------+-------
      Total |     196 |      37 |  15.9 |      51 |       1 |   1.9
            +---------+---------+-------+---------+---------+-------
        D:1 |      40 |       0 |   0.0 |      26 |       0 |   0.0
        D:2 |      40 |       0 |   0.0 |      16 |       0 |   0.0
        D:3 |     116 |      37 |  24.2 |       9 |       1 |  10.0
            +---------+---------+-------+---------+---------+-------
